 Dungeon Crawl Stone Soup version 0.20.1-1-g8b1a95d (webtiles) character file.

175 Wulfgar the Ruffian (level 5, 0/41 HPs)
             Began as a Draconian Transmuter on Aug 30, 2017.
             Slain by a frilled lizard (2 damage)
             ... on level 3 of the Dungeon.
             The game lasted 00:23:36 (3402 turns).

Wulfgar the Ruffian (Draconian Transmuter)          Turns: 3402, Time: 00:23:39

Health: 0/41       AC:  6    Str: 13    XL:     5   Next: 29%
Magic:  9/9        EV: 12    Int: 13    God:
Gold:   100        SH:  0    Dex: 12    Spells: 3/9 levels left

rFire    . . .     SeeInvis .     - Unarmed
rCold    . . .     Gourm    .   (no shield)
rNeg     . . .     Faith    .   (armour unavailable)
rPois    .         Spirit   .   (helmet restricted)
rElec    .         Reflect  .   g - +0 cloak
rCorr    .         Harm     .   (no gloves)
MR       +....                  (no boots)
Stlth    +.........             (no amulet)
Regen    0.2/turn               c - ring of protection from magic
MPRegen  0.2/turn               (no ring)

@: no status effects
A: unfitting armour, cold-blooded, AC +5
a: no special abilities


You were on level 3 of the Dungeon.
You were not hungry.

You visited 1 branch of the dungeon, and saw 3 of its levels.

You collected 100 gold pieces.

Inventory:

Missiles
 a - 33 arrows
 e - 88 stones (quivered)
Armour
 g - a +0 cloak (worn)
 r - a +0 ring mail
Jewellery
 c - a ring of protection from magic (left hand)
Wands
 q - a wand of iceblast (6/15)
Scrolls
 d - 2 scrolls of enchant armour {unknown}
 f - 6 scrolls of identify
 k - 2 scrolls of teleportation {unknown}
 l - a scroll of immolation {unknown}
 m - a scroll of remove curse {unknown}
 s - a scroll of random uselessness {unknown}
Potions
 h - a potion of magic {unknown}
 i - 2 potions of curing {unknown}
 j - a potion of ambrosia {unknown}
 n - a potion of might {unknown}
 o - a potion of degeneration {unknown}
Books
 b - a book of Changes

   Spells                             Type                      Level
   a - Beastly Appendage              Transmutation                1
   b - Sticks to Snakes               Transmutation                2
   c - Spider Form                    Transmutation/Poison         3
   d - Ice Form                       Ice/Transmutation            4
   e - Blade Hands                    Transmutation                5
Comestibles
 p - 7 chunks of flesh


   Skills:
 - Level 2.0 Fighting
 - Level 0.1 Throwing
 - Level 1.7 Dodging
 - Level 0.2 Stealth
 + Level 4.1 Unarmed Combat
 * Level 2.6 Spellcasting
 * Level 3.9 Transmutations


You had 3 spell levels left.
You knew the following spells:

 Your Spells              Type           Power        Failure   Level  Hunger
a - Beastly Appendage     Tmut           ##....       4%          1    #......
b - Sticks to Snakes      Tmut           ##......     7%          2    ###....
c - Spider Form           Tmut/Pois      #.........   32%         3    ###....


Dungeon Overview and Level Annotations

Branches:
Dungeon (3/15)

Altars:
Okawaru
Trog

Annotations:
D:3 Grinder


Innate Abilities, Weirdness & Mutations

Your plain brown scales are hard. (AC +5)
You cannot fit into any form of body armour.
You are cold-blooded and may be slowed by cold attacks.


Message History

You closely miss something. The gnoll hits you with a whip.
The frilled lizard barely misses you.
You barely miss something. Something hits you.
* * * LOW HITPOINT WARNING * * *
The gnoll barely misses you. The frilled lizard closely misses you.
The gnoll barely misses you.
A gnoll comes into view. It is wielding a spear.
You closely miss something.
The gnoll shouts!
The gnoll barely misses you. Something hits you but does no damage.
The frilled lizard bites you.
* * * LOW HITPOINT WARNING * * *
The gnoll hits you but does no damage.
You hit something but do no damage.
Your tail-slap misses something.
The gnoll hits you with a whip.
* * * LOW HITPOINT WARNING * * *
Something hits you.
* * * LOW HITPOINT WARNING * * *
The frilled lizard bites you.
You die...

#.##..#...##
#.##........
#.....#...##
#.##.###.##
#.#### ...
#.# ### #.#
#########.#
#....5l@..#
.....og####
..#.##g # #
#g #. #g #.
#.


You could see Grinder, 4 gnolls, an orc and a frilled lizard.

Vanquished Creatures
  2 orc wizards (D:3)
  An adder (D:3)
  2 worms
  3 dart slugs
  3 leopard geckos
  8 orcs
  2 giant cockroaches (D:1)
  10 goblins
  9 hobgoblins
  A quokka (D:2)
  8 bats
  4 frilled lizards
  6 kobolds
  7 rats
66 creatures vanquished.

Vanquished Creatures (collateral kills)
  A bullfrog zombie (D:3)
  2 worms (D:2)
  4 orcs
  A hobgoblin (D:2)
8 creatures vanquished.

Grand Total: 74 creatures vanquished

Notes
Turn   | Place    | Note
-------+----------+-------------------------------------------
     0 | D:1      | Wulfgar the Draconian Transmuter began the quest for the Orb.
     0 | D:1      | Reached XP level 1. HP: 16/16 MP: 3/3
   344 | D:1      | Reached XP level 2. HP: 23/23 MP: 3/5
   464 | D:1      | Learned a level 2 spell: Sticks to Snakes
   933 | D:2      | Reached XP level 3. HP: 29/29 MP: 2/6
  1353 | D:2      | Found an iron altar of Okawaru.
  1484 | D:2      | Found a faded altar of an unknown god.
  2111 | D:2      | Learned a level 3 spell: Spider Form
  2558 | D:3      | Reached XP level 4. HP: 32/36 MP: 5/7
  2764 | D:3      | Found a bloodstained altar of Trog.
  2829 | D:3      | Reached skill level 4 in Unarmed Combat
  3255 | D:3      | Reached XP level 5. HP: 28/41 MP: 7/9
  3389 | D:3      | Noticed Grinder
  3402 | D:3      | HP: 2/41 [something (2)]
  3402 | D:3      | Slain by a frilled lizard

Skill      XL: |  1  2  3  4 |
---------------+-------------+-----
Fighting       | 2 |  2.0
Transmutations | 3 |  3.9
Unarmed Combat | 4 |  4.1
Throwing       | |  0.1
Dodging        | |  1.7
Stealth        | |  0.2
Spellcasting   | |  2.6

Action                   |  1- 3 |  4- 6 || total
-------------------------+-------+-------++-------
Melee: Unarmed           |   131 |    60 ||   191
       Headbutt          |     9 |     2 ||    11
       Tailslap          |     9 |    10 ||    19
       Kick              |    12 |     2 ||    14
       Punch             |     1 |     3 ||     4
Throw: Stone             |    24 |       ||    24
 Cast: Beastly Appendage |    32 |    10 ||    42
       Sticks to Snakes  |    13 |     9 ||    22
  Use: Scroll            |       |     1 ||     1
  Eat: Chunk             |     4 |       ||     4
       Bread ration      |     1 |       ||     1
       Royal jelly       |     1 |       ||     1
Armor: Skin              |    46 |    19 ||    65
Dodge: Dodged            |    84 |    67 ||   151
